 Dungeon Crawl Stone Soup version 0.30.1-4-g462c640d31 (webtiles) character file.

Game seed: 12776120217473723050

760 Xrynn the Chopper (level 7, -4/61 HPs)
             Began as a Hill Orc Berserker on Aug 20, 2023.
             Was a Believer of Trog.
             Slain by an iguana (9 damage)
             ... on level 5 of the Dungeon.
             The game lasted 00:29:01 (3572 turns).

Xrynn the Chopper (Hill Orc Berserker)              Turns: 3572, Time: 00:29:02

Health: -4/61      AC: 14    Str: 22    XL:     7   Next: 80%
Magic:  7/7        EV:  6    Int:  7    God:    Trog [**....]
Gold:   43         SH:  3    Dex: 10    Spells: 6/6 levels left

rFire   . . .        n - +0 flail
rCold   . . .        i - +0 buckler
rNeg    . . .        l - +0 plate armour
rPois   .            (no helmet)
rElec   .            r - +0 cloak
rCorr   .            (no gloves)
SInv    .            f - +0 pair of boots
Will    .....        (no amulet) Stlth
                     (no ring)
HPRegen 0.30/turn    (no ring)
MPRegen 0.10/turn

%: no passive effects
@: on berserk cooldown, slowed, very slow
A: no striking features
a: Renounce Religion, Berserk, Trog's Hand


You were on level 5 of the Dungeon.
You worshipped Trog.
Trog was pleased with you.
You visited 1 branch of the dungeon, and saw 5 of its levels.

You collected 178 gold pieces.
You spent 135 gold pieces at shops.

Inventory:

Hand Weapons
 a - a +0 hand axe
 b - a +0 longbow
 n - a +0 flail (weapon)
 q - a +2 quarterstaff of chaos
Missiles
 c - 27 stones (quivered)
Armour
 f - a +0 pair of boots (worn)
 i - a +0 buckler (worn)
 l - a +0 plate armour (worn)
 r - a +0 cloak (worn)
Jewellery
 j - an amulet of magic regeneration
 m - a ring of protection from cold
 s - a ring of see invisible
Scrolls
 k - 2 scrolls of identify {unknown}
 t - a scroll of magic mapping {unknown}
Potions
 d - a potion of haste {unknown}
 e - 2 potions of curing {unknown}
 g - 2 potions of heal wounds {unknown}
 h - 2 potions of berserk rage {unknown}
 o - 2 potions of mutation {unknown}
 p - a potion of might {unknown}


   Skills:
 + Level 5.5 Fighting
 + Level 7.5(7.9) Axes
 + Level 2.8(5.0) Maces & Flails
 + Level 0.4(1.5) Staves
 + Level 1.2 Throwing
 + Level 4.5 Armour
 + Level 2.3 Dodging
 + Level 0.5 Stealth
 + Level 0.9 Shields


You had 6 spell levels left.
You didn't know any spells.
Your spell library contained the following spells:

 Spells                   Type           Power      Damage    Failure   Level
 Ensorcelled Hibernation  Hex/Ice        0%         N/A       100%        2
 Lesser Beckoning         Tloc           0%         N/A       100%        2
 Passwall                 Tmut/Erth      0%         N/A       100%        2
 Gell's Gravitas          Tloc           0%         N/A       100%        3
 Swiftness                Air            0%         N/A       100%        3
 Teleport Other           Tloc           0%         N/A       100%        3
 Manifold Assault         Tloc           0%         N/A       100%        4
 Dispersal                Tloc           0%         N/A       100%        6
 Disjunction              Tloc           0%         N/A       100%        8


Dungeon Overview and Level Annotations

Branches:
Dungeon (5/15)
 Temple: D:4-7

Altars:

Shops:
D:3 [


Message History

You thump the water moccasin!
You kill the water moccasin!
Trog accepts your kill.
You are no longer berserk.
You are exhausted.
You feel yourself slow down. The iguana barely misses you.
You hit the iguana but do no damage. You block the iguana's attack.
The iguana bites you but does no damage.
You closely miss the iguana.
The iguana bites you but does no damage.
You closely miss the iguana. The iguana barely misses you.
The iguana bites you but does no damage.
You closely miss the iguana. The iguana bites you!
The iguana bites you but does no damage.
You hit the iguana but do no damage. You block the iguana's attack.
The iguana bites you.
You closely miss the iguana. You block the iguana's attack.
The iguana barely misses you.
You hit the iguana.
The iguana is moderately wounded.
The iguana bites you.
You hit the iguana but do no damage.
The iguana is moderately wounded.
The iguana bites you! x2
* * * LOW HITPOINT WARNING * * *
You barely miss the iguana.
The iguana is moderately wounded.
The iguana bites you but does no damage. x2
Found a stone staircase leading up.
The iguana barely misses you. The iguana barely misses you.
The iguana attacks as you move away! The iguana bites you!
* * * LOW HITPOINT WARNING * * *
The iguana bites you but does no damage.
The iguana bites you!
* * * LOW HITPOINT WARNING * * *
There is an open door, spattered with blood here.
The iguana bites you but does no damage.
The iguana bites you!
You die...

##.######## .## .##.
..........#...#....
..........'...#...
##..###..######..#
#######..######..###
.#..'.......#......# ...
.#.[#.......#......#....
.'..#.......#......#...
.#..#.......'...@..#..
##########'##..##l##.#
#.######.##.##
#......#.....#
#......'..†.(#
#......#.....#
#......#.....#
.....#....#..## ####
######..#


You could see an iguana.

Vanquished Creatures
  Grinder (D:3)
  A water moccasin (D:5)
  An ice beast (D:5)
  A hound (D:5)
  2 orc priests (D:4)
  Crazy Yiuf (D:3)
  A sleepcap (D:4)
  Jessica (D:3)
  3 gnolls (D:4)
  7 adders
  2 worms
  4 dart slugs
  3 orcs
  6 ball pythons
  6 endoplasms
  5 giant cockroaches
  3 hobgoblins
  5 jackals
  3 quokkas
  7 bats
  5 frilled lizards
  5 goblins
  9 kobolds
  5 rats
87 creatures vanquished.

Notes
Turn   | Place    | Note
-------+----------+-------------------------------------------
     0 | D:1      | Xrynn the Hill Orc Berserker began the quest for the Orb.
     0 | D:1      | Reached XP level 1. HP: 19/19 MP: 1/1
   110 | D:1      | Reached XP level 2. HP: 26/27 MP: 2/2
   440 | D:1      | Reached XP level 3. HP: 25/33 MP: 3/3
   990 | D:2      | Reached skill level 5 in Axes
  1185 | D:2      | Reached XP level 4. HP: 40/40 MP: 4/4
  1442 | D:2      | Reached ** piety under Trog
  1698 | D:3      | Found a faded altar of an unknown god.
  1846 | D:3      | Found a runed translucent door.
  1847 | D:3      | Noticed Crazy Yiuf
  1853 | D:3      | Killed Crazy Yiuf
  2038 | D:3      | Found Baveh Kuack's Armour Shop.
  2042 | D:3      | Reached XP level 5. HP: 47/47 MP: 5/5
  2061 | D:3      | Noticed Grinder
  2062 | D:3      | Paralysed by Grinder for 3 turns
  2075 | D:3      | Killed Grinder
  2076 | D:3      | Reached skill level 6 in Axes
  2076 | D:3      | Reached XP level 6. HP: 55/55 MP: 6/6
  2100 | D:3      | Bought a +0 pair of boots for 45 gold pieces
  2100 | D:3      | Bought a +0 buckler for 45 gold pieces
  2100 | D:3      | Bought a +0 chain mail for 45 gold pieces
  2139 | D:3      | Noticed Jessica
  2144 | D:3      | Killed Jessica
  2241 | D:3      | Reached skill level 7 in Axes
  2301 | D:3      | You fall into a shaft and drop 2 floors!
  2301 | D:5      | Entered Level 5 of the Dungeon
  2662 | D:4      | Reached skill level 5 in Fighting
  2754 | D:4      | Reached XP level 7. HP: 61/61 MP: 7/7
  3452 | D:5      | Reached skill level 1 in Throwing
  3572 | D:5      | Slain by an iguana

Illustrated notes

Levels and vault maps discovered:
D:1:      dpeg_arrival_rooms_b, layout_basic
D:2:      layout_basic, minmay_misc_feat_diagonals, minmay_strange_pillars
D:3:      layout_loops_ring, serial_shops, nicolae_shop_rolling_square,
          shapermc_ecumenical_altar_petra, uniq_jessica,
          uniq_crazy_yiuf_cottage, uniq_grinder
D:4:      layout_loops_ring
D:5:      layout_gridville, mainiacjoe_overflow_paths, lemuel_temple_firewalk_a,
          nicolae_shop_overcharged_wands

Skill      XL: |  1  2  3  4  5  6  7 |
---------------+----------------------+-----
Fighting       | 4 5 |  5.5
Axes           | 5 6 7 |  7.5
Dodging        | 2 |  2.3
Armour         | 3 4 |  4.5
Maces & Flails | 2 |  2.8
Throwing       | 1 |  1.2
Staves         | |  0.4
Stealth        | |  0.5
Shields        | |  0.9

Action                     |  1- 3 |  4- 6 |  7- 9 || total
---------------------------+-------+-------+-------++-------
  Melee: Hand axe          |    92 |    73 |       ||   165
         Quarterstaff      |       |     2 |       ||     2
         Punch             |       |     1 |       ||     1
         Flail             |       |    10 |    86 ||    96
  Throw: Stone             |       |     4 |    13 ||    17
 Invoke: Berserk           |     3 |     6 |     3 ||    12
 Armour: Animal skin       |     3 |       |       ||     3
         Ring mail         |    22 |    15 |       ||    37
         Plate armour      |       |    14 |    70 ||    84
         Chain mail        |       |     6 |       ||     6
  Dodge: Dodged            |    47 |    27 |    35 ||   109
  Block: Buckler           |       |     4 |    15 ||    19
